Map: [ESL] Hardwire

Players

Rogue - Winner!

  • Race: Zerg Zerg

Ryung

  • Race: Terran Terran

Event: IEM Katowice 2022

VOD

Have the link to the VOD?

Description

Time

  • Played on: Feb. 26, 2022, 10:36 a.m.
  • Length: 12:46

All games in this series

Show
View Real Time Build Order
Export as new Build Order

Rogue Zerg - Winner!

Build Orders: Hatch First 

Get SALT Encoding   

  12  0:00  Drone  
  13  0:12  Overlord  
  13  0:16  Drone  
  14  0:30  Drone  
  14  0:31  Drone  
  16  0:47  Hatchery  
  15  0:50  Drone  
  15  0:54  Drone  
  17  0:57  Drone  
  18  1:08  Extractor  
  17  1:12  Spawning Pool  
  17  1:15  Drone  
  17  1:18  Drone  
  18  1:28  Drone  
  19  1:38  Drone  
  20  1:49  Drone  
  21  1:59  Queen x2  
  21  2:00  Zergling x4  
  27  2:11  Zergling x2, Overlord  
  28  2:27  Metabolic Boost  
  28  2:30  Drone x2  
  28  2:31  Drone  
  28  2:32  Drone  
  28  2:35  Queen x2  
  36  2:42  Overlord  
  36  2:47  Overlord  
  36  3:01  Drone x2  
  36  3:04  Drone x2  
  40  3:07  Drone x5  
  40  3:09  Drone  
  46  3:15  Lair  
  46  3:20  Drone  
  46  3:21  Extractor  
  46  3:22  Drone  
  47  3:27  Drone  
  47  3:32  Overlord  
  48  3:37  Drone  
  48  3:40  Drone  
  50  3:41  Queen  
  52  3:50  Extractor  
  52  3:51  Baneling Nest, Extractor  
  52  3:52  Drone x3  
  52  3:53  Drone  
  52  3:54  Drone x2  
  55  4:00  Overlord x2  
  55  4:13  Overlord  
  55  4:16  Spire  
  53  4:19  Queen  
  53  4:21  Zergling x2  
  53  4:22  Zergling x6  
  53  4:23  Zergling x2  
  60  4:28  Zergling x4  
  60  4:30  Overseer  
  62  4:33  Drone x2  
  64  4:39  Drone  
  64  4:45  Drone  
  66  4:53  Drone x3  
  66  4:57  Drone  
  66  4:58  Drone  
  71  5:00  Overlord  
  71  5:02  Hatchery  
  71  5:06  Overlord  
  70  5:18  Spore Crawler  
  69  5:28  Mutalisk x7  
  83  5:36  Mutalisk  
  83  5:38  Overlord x2  
  83  5:40  Drone x2  
  87  5:45  Zerg Flyer Weapons Level 1  
  87  5:48  Drone  
  88  5:50  Overlord, Extractor  
  88  5:53  Extractor  
  86  5:57  Evolution Chamber  
  86  6:01  Evolution Chamber  
  86  6:02  Drone x4  
  88  6:04  Drone  
  88  6:07  Drone x2  
  88  6:10  Drone  
  92  6:16  Mutalisk x2  
  96  6:18  Mutalisk  
  98  6:27  Mutalisk  
  98  6:28  Drone  
  98  6:29  Drone x4  
  105  6:34  Overlord  
  105  6:36  Mutalisk  
  105  6:39  Drone x2  
  109  6:42  Centrifugal Hooks  
  109  6:48  Overlord  
  109  6:57  Hatchery  
  109  6:58  Mutalisk  
  110  7:04  Zerg Ground Armor Level 1  
  110  7:05  Zerg Melee Weapons Level 1  
  110  7:09  Zergling x10  
  110  7:14  Drone x4  
  119  7:18  Drone x2  
  119  7:20  Zergling x6  
  124  7:23  Overlord  
  124  7:25  Pneumatized Carapace  
  124  7:28  Drone  
  123  7:31  Overseer  
  123  7:33  Baneling x3  
  123  7:34  Zergling x6  
  126  7:41  Zergling x8  
  126  7:42  Overlord  
  129  7:45  Drone  
  129  7:50  Overseer x2  
  130  7:52  Burrow, Zerg Flyer Weapons Level 2  
  130  7:56  Drone x5  
  134  7:59  Drone  
  134  8:00  Overlord  
  134  8:03  Mutalisk x2  
  139  8:06  Overlord  
  139  8:08  Mutalisk  
  139  8:10  Mutalisk  
  143  8:13  Overlord  
  143  8:14  Drone x2  
  143  8:17  Baneling x6  
  146  8:20  Zergling x4  
  147  8:32  Drone  
  147  8:33  Zergling x2, Spore Crawler  
  148  8:35  Baneling  
  148  8:36  Baneling x13  
  148  8:37  Zergling x2  
  148  8:38  Zergling x4  
  148  8:40  Zergling x10  
  156  8:41  Extractor  
  156  8:47  Zergling x2  
  150  8:49  Baneling x8  
  150  8:50  Zergling x10  
  155  9:00  Overlord x2  
  155  9:04  Spore Crawler  
  155  9:05  Drone x4  
  155  9:09  Hatchery  
  157  9:12  Zerg Melee Weapons Level 2, Zerg Ground Armor Level 2  
  157  9:13  Zergling x2  
  157  9:14  Zergling x2  
  157  9:15  Drone  
  160  9:19  Drone x2  
  160  9:20  Zergling x2  
  160  9:21  Infestation Pit  
  161  9:38  Zergling x32  
  167  9:39  Zergling x4  
  167  9:44  Zergling x2  
  180  9:46  Zergling x6  
  180  9:49  Overlord  
  183  9:57  Hive  
  183  10:00  Overlord x2  
  183  10:04  Overlord  
  183  10:06  Overlord  
  183  10:07  Overlord  
  183  10:15  Overlord  
  183  10:20  Mutalisk x9  
  183  10:21  Mutalisk  
  192  10:25  Zergling x4  
  192  10:26  Zergling x10  
  192  10:27  Extractor  
  199  10:29  Drone  
  200  10:42  Zergling x2, Baneling x5  
  199  10:52  Hatchery  
  199  10:56  Zergling x4  
  200  11:01  Zergling x4  
  200  11:03  Baneling x2  
  200  11:04  Baneling x14  
  199  11:06  Baneling x4  
  199  11:07  Baneling x6  
  199  11:14  Ultralisk Cavern  
  199  11:16  Zergling x2  
  199  11:20  Baneling x10  
  199  11:24  Zergling x2  
  199  11:25  Zergling x2  
  199  11:26  Zergling x4  
  199  11:30  Zergling x2  
  194  11:33  Zergling x12  
  199  11:49  Zergling x10  
  199  11:50  Zergling x2  
  199  11:53  Zergling x2  
  199  11:54  Zergling x8  
  196  11:56  Zergling x2  
  197  12:02  Zergling x4  
  197  12:08  Zergling x4  
  196  12:09  Zergling x8  
  196  12:11  Zergling x2  
  196  12:12  Zergling x2  
  196  12:13  Mutalisk x6  
  196  12:15  Zergling x4  
  194  12:19  Mutalisk  
  176  12:24  Zergling x2  
  176  12:25  Zergling x26  
  176  12:26  Zergling x4  
  176  12:28  Baneling  
  179  12:30  Baneling x11  
  179  12:32  Drone x2  
  179  12:33  Drone  
Show
View Real Time Build Order
Export as new Build Order

Ryung Terran 

Build Orders:  

Get SALT Encoding   

  12  0:00  SCV  
  13  0:12  SCV  
  14  0:17  Supply Depot  
  14  0:24  SCV  
  15  0:39  SCV  
  15  0:41  Barracks  
  16  0:43  Refinery  
  16  0:51  SCV  
  17  1:03  SCV  
  18  1:15  SCV  
  19  1:28  Orbital Command  
  19  1:30  Marine  
  20  1:39  Command Center  
  20  1:49  Factory  
  21  1:54  SCV  
  21  2:02  Barracks Reactor  
  21  2:06  SCV  
  22  2:16  Supply Depot  
  22  2:18  SCV  
  22  2:20  Refinery  
  23  2:38  Hellion, SCV  
  23  2:39  Marine x2, Starport  
  28  2:50  SCV  
  29  2:51  Orbital Command  
  29  2:57  Marine x2  
  31  3:00  Hellion  
  31  3:04  SCV  
  34  3:15  Marine x2, Medivac  
  34  3:19  SCV  
  39  3:20  SCV  
  39  3:26  Supply Depot  
  40  3:27  Hellion  
  40  3:31  SCV  
  40  3:32  SCV  
  44  3:40  Fusion Core  
  44  3:44  SCV x2  
  44  3:46  Starport Tech Lab  
  46  3:55  Supply Depot  
  46  3:57  SCV x2  
  46  3:58  Hellion  
  46  3:59  Hellion  
  52  4:09  SCV x2  
  54  4:21  SCV x2  
  54  4:22  Supply Depot  
  56  4:29  Battlecruiser  
  62  4:36  Supply Depot  
  62  4:44  SCV x2  
  64  4:46  Command Center  
  64  4:53  Barracks Tech Lab  
  64  4:56  SCV x2  
  64  4:59  Barracks  
  66  5:05  Factory Reactor, Barracks  
  66  5:08  SCV x2  
  66  5:11  Engineering Bay  
  66  5:13  Stimpack  
  68  5:14  Engineering Bay  
  68  5:16  Marine  
  68  5:20  SCV x2  
  71  5:22  Refinery x2  
  71  5:32  SCV x2, Supply Depot  
  73  5:38  Terran Infantry Weapons Level 1  
  73  5:44  SCV x2  
  73  5:49  Factory Reactor  
  75  5:51  Terran Infantry Armor Level 1  
  75  5:55  Barracks  
  75  5:56  SCV x2  
  77  5:59  Orbital Command, Missile Turret, Barracks  
  77  6:01  Marine  
  77  6:02  Marine x4  
  82  6:08  Missile Turret  
  82  6:11  SCV x2  
  84  6:17  Starport Reactor  
  80  6:22  Marine x5  
  87  6:26  Widow Mine x2  
  87  6:37  Supply Depot x2  
  87  6:40  Marine x5  
  87  6:43  Armory, Missile Turret  
  87  6:44  Barracks Reactor  
  92  6:48  Widow Mine  
  92  6:49  Widow Mine  
  92  6:52  Combat Shield  
  92  6:53  Barracks Reactor  
  95  6:56  Orbital Command  
  95  6:57  Marine  
  95  7:00  Marine x4  
  100  7:01  Medivac x2  
  100  7:04  SCV x2  
  106  7:11  Supply Depot x2  
  106  7:14  Widow Mine x2  
  110  7:16  SCV x2  
  110  7:22  Marine x4  
  114  7:28  SCV  
  114  7:29  Missile Turret  
  117  7:31  Supply Depot  
  117  7:32  Marine x2, Terran Infantry Weapons Level 2, Supply Depot  
  119  7:39  Marine x2  
  119  7:42  Factory, Widow Mine x2  
  125  7:48  Medivac  
  125  7:50  SCV x3  
  129  7:54  Marine x3  
  129  7:55  Marine  
  129  7:58  Terran Infantry Armor Level 2  
  133  8:02  SCV, Marine  
  133  8:03  Marine x2  
  135  8:08  Marine  
  135  8:09  Marine  
  135  8:10  Widow Mine x2  
  141  8:14  SCV  
  141  8:15  SCV x2  
  144  8:20  Marine x2  
  144  8:23  Terran Vehicle And Ship Armor Level 1  
  144  8:25  Medivac x2  
  148  8:28  Factory Tech Lab  
  148  8:29  Refinery, Supply Depot  
  148  8:47  Marine  
  148  8:48  Marine x3  
  145  8:52  Marine x3  
  148  8:55  Drilling Claws  
  148  8:57  Thor  
  148  8:58  Widow Mine  
  148  8:59  Command Center  
  148  9:02  Widow Mine  
  156  9:06  Hellion  
  156  9:07  Refinery, Supply Depot x2  
  156  9:08  Sensor Tower  
  156  9:18  Medivac x2  
  156  9:19  SCV x3, Marine x5  
  156  9:22  Marine  
  156  9:23  Marine x2  
  171  9:38  Widow Mine x2  
  173  9:43  SCV x3  
  173  9:44  Barracks  
  176  9:46  Barracks  
  176  9:49  Widow Mine  
  178  9:53  Terran Infantry Weapons Level 3  
  178  9:58  Barracks  
  178  9:59  Widow Mine  
  180  10:02  Missile Turret x2  
  180  10:04  Missile Turret  
  179  10:08  SCV x2  
  179  10:09  SCV  
  177  10:20  SCV  
  177  10:21  SCV x2  
  172  10:25  Missile Turret  
  172  10:26  Missile Turret  
  172  10:27  Missile Turret  
  172  10:30  Widow Mine x2  
  172  10:33  SCV x3  
  179  10:44  Thor  
  179  10:45  SCV x3  
  188  10:50  Planetary Fortress  
  189  10:57  SCV x2  
  184  11:06  Medivac x2  
  184  11:07  Ghost Academy  
  188  11:13  Missile Turret x3  
  188  11:14  Barracks Tech Lab x3  
  188  11:20  Refinery  
  188  11:22  Missile Turret  
  188  11:30  Thor  
  188  11:31  Command Center  
  191  11:37  SCV x2  
  191  11:38  Ghost  
  180  11:48  Marine x4  
  180  11:49  SCV x2, Ghost  
  180  11:53  Marine x2  
  170  11:56  Marine  
  161  12:01  SCV  
  161  12:05  Widow Mine x2  
  164  12:13  SCV, Widow Mine  
  164  12:15  Marauder  
  149  12:19  Marauder  
  112  12:27  Marine x3  
  112  12:28  Marine x2  
  96  12:41  Refinery x2  

Tags
 
Add a new tag
Caveats
  • Supply blocks, unpowered buildings, or Contaminate may cause inaccurate times.
  • Supply counts are checked every 10 seconds.